 Dungeon Crawl Stone Soup version 0.28.0 (webtiles) character file.

Game seed: 925930790923977305

7 Host24 the Bolt Thrower (level 2, -1/17 HPs)
             Began as a Kobold Hunter on Feb 5, 2022.
             Slain by a jackal (3 damage)
             ... on level 1 of the Dungeon.
             The game lasted 00:00:18 (70 turns).

Host24 the Bolt Thrower (Kobold Hunter)               Turns: 70, Time: 00:00:19

Health: -1/17      AC:  3    Str:  9    XL:     2   Next: 5%
Magic:  2/2        EV: 14    Int: 12    God:
Gold:   10         SH:  0    Dex: 15    Spells: 1/1 levels left

rFire   . . .      SeeInvis .   a - +1 hand crossbow
rCold   . . .      Faith    .   (no shield)
rNeg    . . .      Spirit   .   c - +0 leather armour
rPois   .          Reflect  .   (no helmet)
rElec   .          Harm     .   (no cloak)
rCorr   .          Rampage  .   (no gloves)
Will    .....                   (no boots)
Stlth   +++.......              (no amulet)
HPRegen 0.05/turn               (no ring)
MPRegen 0.08/turn               (no ring)

@: no status effects
A: small, no large weapons, nightstalker 3
a: no special abilities


You were on level 1 of the Dungeon.
You visited 1 branch of the dungeon, and saw 1 of its levels.

You collected 10 gold pieces.

Inventory:

Hand Weapons
 a - a +1 hand crossbow (weapon)
 b - a +0 short sword
Missiles
 d - 9 bolts (quivered ammo)
Armour
 c - a +0 leather armour (worn)


   Skills:
 - Level 2.1 Fighting
 + Level 5.3 Crossbows
 - Level 2.4 Dodging
 - Level 1.3 Stealth


You had one spell level left.
You didn't know any spells.
Your spell library was empty.

Dungeon Overview and Level Annotations

Branches:
Dungeon (1/15)

Altars:


Innate Abilities, Weirdness & Mutations

You are small and have problems with some larger weapons.
You are completely attuned to the shadows.


Message History

The bolt closely misses the jackal.
The bolt hits the rat!
You kill the rat!
A frilled lizard comes into view.
The quokka barely misses you.
Fire: 13 bolts
Press: ? - help, Q - select action Shift-Dir - straight line, f/p - quokka
Aim: a quokka (57% to hit)
You shoot a bolt. The frilled lizard hisses angrily.
The bolt hits the quokka.
The quokka is severely wounded.
The quokka bites you.
* * * LOW HITPOINT WARNING * * *
The quokka bites you but does no damage.
Fire: 12 bolts
Press: ? - help, Q - select action Shift-Dir - straight line, f/p - quokka
Aim: a quokka (severely wounded, 57% to hit)
You shoot a bolt. The bolt barely misses the quokka.
The bolt misses the jackal.
The bolt closely misses the jackal.
The quokka bites you but does no damage.
Fire: 11 bolts
Press: ? - help, Q - select action Shift-Dir - straight line, f/p - quokka
Aim: a quokka (severely wounded, 57% to hit)
You shoot a bolt. The bolt hits the quokka!
You kill the quokka!
The jackal closely misses you.
A hobgoblin comes into view.
You have reached level 2!
Fire: 10 bolts
Press: ? - help, Q - select action Shift-Dir - straight line, f - jackal
Aim: a jackal (60% to hit)
You shoot a bolt. The bolt barely misses the jackal.
The bolt closely misses the jackal.
The hobgoblin shouts!
The bolt hits the frilled lizard!
You kill the frilled lizard!
The jackal bites you.
You die...

......# ####
........# ##..##
.........# #....#
........g####.##.#
.......(hh@...##.#
......g.h#######.###
.........# #...#
.......### ###.#
......## #.# .......
#.# ........ #.# #.#
#.#


You could see 3 jackals, a hobgoblin and a goblin.

Vanquished Creatures
  A goblin (D:1)
  A jackal (D:1)
  A kobold (D:1)
  A quokka (D:1)
  A ball python (D:1)
  A frilled lizard (D:1)
  A rat (D:1)
7 creatures vanquished.

Notes
Turn   | Place    | Note
-------+----------+-------------------------------------------
     0 | D:1      | Host24 the Kobold Hunter began the quest for the Orb.
     0 | D:1      | Reached XP level 1. HP: 12/12 MP: 1/1
    61 | D:1      | Reached skill level 5 in Crossbows
    70 | D:1      | Reached XP level 2. HP: 2/17 MP: 2/2
    70 | D:1      | Slain by a jackal

Illustrated notes

Levels and vault maps discovered:
D:1:      saegor_arrival_simple_a, layout_rooms,
          shapermc_ecumenical_altar_mp_urbaneastern

Skill      XL: |  1 |
---------------+----+-----
Crossbows      | 5 |  5.3
Fighting       | |  2.1
Dodging        | |  2.4
Stealth        | |  1.3

Action                   || total
-------------------------++-------
Melee: Short sword       ||     9
 Fire: Hand crossbow     ||    11
 Stab: Sleeping          ||     1
Armor: Leather armour    ||     6
Dodge: Dodged            ||    10
